 Dungeon Crawl Stone Soup version 0.17.2-1-ge4368a0 (webtiles) character file.

550 Goblin1989 the Insei (level 7, -9/53 HPs)
             Began as a Demonspawn Monk on Oct 15, 2016.
             Was a Believer of Okawaru.
             Mangled by Goblin1989's ghost (13 damage)
             ... on level 4 of the Dungeon.
             The game lasted 00:12:00 (3800 turns).

Goblin1989 the Insei (Demonspawn Monk)              Turns: 3800, Time: 00:12:01

Health: -9/53      AC:  9    Str: 18      XL:     7   Next: 7%
Magic:  0/7        EV: 15    Int: 16      God:    Okawaru [**....]
Gold:   187        SH:  0    Dex: 13 (16) Spells: 0 memorised, 6 levels left

rFire  + . .     SeeInvis .       - Unarmed
rCold  + . .     Clarity  .     w - +3 leather armour {rPois}
rNeg   . . .     SustAt   .     (no shield)
rPois  +         Gourm    .     (no helmet)
rElec  .         Spirit   +     r - +1 cloak
rCorr  .         Warding  .     (no gloves)
rMut   .         Stasis   .     (no boots)
MR     .....                    (no amulet)
Stlth  +++.......               c - ring of protection from cold
                                f - ring of protection from fire

@: mighty, brilliant, lethally poisoned (-9 -> -10), heroism, flying, very
slightly contaminated, hasted, invisible, very quick, not resistant to hostile
enchantments, fairly stealthy
A: claws 2, rugged brown scales 1, magic shield
a: Heroism, Renounce Religion


You were on level 4 of the Dungeon.
You worshipped Okawaru.
Okawaru was pleased with you.
You were very hungry.

You visited 2 branches of the dungeon, and saw 5 of its levels.

You collected 187 gold pieces.

Inventory:

Missiles
 A - 6 javelins of penetration (quivered)
Armour
 r - a +1 cloak (worn)
 w - a +3 leather armour of poison resistance (worn)
Jewellery
 c - a ring of protection from cold (right claw)
 f - a ring of protection from fire (left claw)
Wands
 E - a wand of enslavement (7)
Scrolls
 a - 4 scrolls of amnesia {unknown}
 e - a scroll of blinking {unknown}
 g - 2 scrolls of noise {unknown}
 h - 2 scrolls of remove curse {unknown}
 i - 3 scrolls of identify {unknown}
 j - 2 scrolls of random uselessness {unknown}
 n - 4 scrolls of teleportation {unknown}
 t - 2 scrolls of enchant weapon {unknown}
 u - 2 scrolls of fear {unknown}
 v - a scroll of magic mapping {unknown}
 y - a scroll of fog {unknown}
Potions
 q - a potion of invisibility
 s - a potion of degeneration {!q}
Comestibles
 b - 2 bread rations {@e1}
 k - 2 fruits
 o - a slice of pizza
 p - a beef jerky
 x - 2 chunks of flesh {@w0}


   Skills:
 - Level 3.0(8.0) Fighting
 - Level 2.6(7.6) Dodging
 - Level 1.7(6.7) Stealth
 + Level 7.8(12.8) Unarmed Combat


You had 6 spell levels left.
You didn't know any spells.

Dungeon Overview and Level Annotations

Branches:
Dungeon (4/15)             Temple (1/1) D:4

Altars:
Cheibriados
Dithmenos
Elyvilon
Fedhas
Makhleb
Okawaru
Qazlal
Ru
Trog
Vehumet
Xom
Yredelemnul
Zin
The Shining One

Annotations:
D:3 Grinder
D:4 Goblin1989's ghost, amateur MfGl


Innate Abilities, Weirdness & Mutations

You have very sharp fingernails.
You are partially covered in rugged brown scales (AC +1, +3% HP).
When hurt, damage is shared between your health and your magic reserves.


Message History

You kill the hound!
Okawaru accepts your kill.
You have reached level 7!
Your demonic ancestry asserts itself...
Your fingernails sharpen.
You strike the helpless adder from behind!
You eviscerate the adder!!!
You kill the adder!
Okawaru accepts your kill. Goblin1989's ghost closely misses you.
Things that are here:
an adder corpse; a hound corpse You scratch Goblin1989's ghost.
Goblin1989's ghost is moderately damaged.
You feel sick.
You take 1 damage, and have 4/53 hp.
You scratch Goblin1989's ghost. You claw Goblin1989's ghost!
Goblin1989's ghost is severely damaged.
Goblin1989's ghost hits you!
You die...

ਜਜਜ.ਜ ਜਜਜਜ.ਜਜਜਜਜਜ.ਜ ਜ
ਜ.ਜ ਜ.....†.....ਜ ਜ ਜ.ਜ
ਜਜਜ.ਜਜਜਜਜਜਜਜਜ.ਜ ਜ ਜ..
ਜ.....ਜ ਜ
ਜ..ਜਜਜ.ਜ.ਜ.ਜਜਜਜਜ
ਜਜਜ..ਜ...........ਜ
...<.....ਜ.ਜ.ਜਜਜ.ਜ
........)....ਜ ਜ.ਜ
........ਜਜ.ਜਜਜ ਜ@ਜ
........ਜ...ਜਜਜਜWਜਜਜਜਜਜ
..........ਜ.............
.................ਜ.ਜਜਜਜਜ
........ਜਜਜਜਜਜਜਜ.ਜ.ਜ
..........ਜ ਜ.ਜ ਜ
........ਜ.ਜ ਜ.ਜ
ਜਜਜ.ਜਜ...... ..ਜ ...
........ ...


You could see Goblin1989's ghost (wandering).

Vanquished Creatures
  Eustachio (D:4)
  An ogre (D:4)
  A scorpion (D:4)
  A hound (D:4)
  Ijyb (D:2)
  3 orc wizards (D:4)
  A worker ant (D:4)
  3 adders
  3 worms
  11 orcs (D:4)
  3 giant cockroaches
  A goblin (D:2)
  4 hobgoblins
  3 quokkas
  10 bats
  2 giant geckos
  4 giant newts
  6 kobolds
  8 rats
67 creatures vanquished.

Notes
Turn   | Place    | Note
--------------------------------------------------------------
     0 | D:1      | Goblin1989 the Demonspawn Monk began the quest for the Orb.
     0 | D:1      | Reached XP level 1. HP: 18/18 MP: 1/1
   311 | D:1      | Reached skill level 4 in Unarmed Combat
   373 | D:1      | Gained mutation: You have sharp fingernails. [demonic ancestry]
   373 | D:1      | Reached XP level 2. HP: 22/24 MP: 2/2
  1055 | D:2      | Reached XP level 3. HP: 29/29 MP: 3/3
  1746 | D:2      | Noticed Ijyb
  1766 | D:2      | Killed Ijyb
  1766 | D:2      | Reached skill level 5 in Unarmed Combat
  1967 | D:2      | Gained mutation: You are partially covered in rugged brown scales (AC +1, +3% HP). [demonic ancestry]
  1967 | D:2      | Reached XP level 4. HP: 29/36 MP: 4/4
  2442 | D:3      | Noticed Grinder
  2771 | D:4      | Gained mutation: When hurt, damage is shared between your health and your magic reserves. [demonic ancestry]
  2771 | D:4      | Reached XP level 5. HP: 42/42 MP: 5/5
  2824 | D:4      | Noticed an ogre
  2836 | D:4      | Killed an ogre
  2836 | D:4      | Reached skill level 6 in Unarmed Combat
  3013 | D:4      | Found a glowing golden altar of the Shining One.
  3013 | D:4      | Found a white marble altar of Elyvilon.
  3087 | D:4      | Found a staircase to the Ecumenical Temple.
  3131 | D:4      | Noticed Eustachio
  3154 | D:4      | Killed Eustachio
  3154 | D:4      | Reached skill level 7 in Unarmed Combat
  3154 | D:4      | Reached XP level 6. HP: 27/48 MP: 3/6
  3292 | Temple   | Entered the Ecumenical Temple
  3583 | D:4      | Noticed Goblin1989's ghost (amateur MfGl)
  3655 | Temple   | Became a worshipper of Warmaster Okawaru
  3655 | Temple   | Reached * piety under Okawaru
  3655 | Temple   | Reached ** piety under Okawaru
  3796 | D:4      | Gained mutation: You have very sharp fingernails. [demonic ancestry]
  3796 | D:4      | Reached XP level 7. HP: 5/53 MP: 1/7
  3800 | D:4      | Mangled by Goblin1989's ghost

Action                   |  1- 3 |  4- 6 |  7- 9 || total
-------------------------+-------+-------+-------++-------
Melee: Unarmed           |   128 |   138 |     3 ||   269
Invok: Heroism           |       |     2 |       ||     2
  Use: Potion            |       |     6 |       ||     6
 Stab: Sleeping          |     2 |       |       ||     2
       Invisible         |       |       |     1 ||     1
  Eat: Chunk             |     2 |     6 |       ||     8

Vault maps used:
D:1:      lightli_arrival_statuegarden, lemuel_old_faithful
D:2:      first_bread, uniq_iyjb
D:3:      uniq_grinder
D:4:      gammafunk_temple_overflow_pools, temple_doors_e, uniq_eustachio
Temple:   dpeg_five_rooms_temple_12
